 Dungeon Crawl Stone Soup version 0.28.0 (webtiles) character file.

Game seed: 6103654176827785573

585 RighteousDevil the Poker (level 7, -4/52 HPs)
             Began as a Formicid Fighter on Feb 7, 2022.
             Slain by an acid dragon (8 damage)
             ... on level 5 of the Dungeon.
             The game lasted 00:06:50 (4669 turns).

RighteousDevil the Poker (Formicid Fighter)         Turns: 4669, Time: 00:06:51

Health: -4/52      AC:  4    Str: 21    XL:     7   Next: 64%
Magic:  7/7        EV:  9    Int:  7    God:
Gold:   303        SH:  4    Dex: 12    Spells: 4/6 levels left

rFire   + . .      SeeInvis +   a - +2 trident
rCold   + . .      Faith    .   c - +0 buckler
rNeg    . . .      Spirit   .   m - +0 scale mail
rPois   +          Reflect  .   (helmet unavailable)
rElec   +          Harm     .   f - +0 cloak
rCorr   +          Rampage  .   (no gloves)
Will    .....                   (no boots)
Stlth   ..........              l - amulet of the acrobat
HPRegen 0.17/turn               w - ring of wizardry
MPRegen 0.10/turn               (no ring)

@: resistant, corroded
A: permanent stasis, dig shafts and tunnels, antennae 3, four strong arms
a: Dig, Shaft Self


You were on level 5 of the Dungeon.
You visited 1 branch of the dungeon, and saw 6 of its levels.

You collected 303 gold pieces.

Inventory:

Hand Weapons
 a - a +2 trident (weapon)
 b - a +1 war axe of venom
Missiles
 k - a throwing net
Armour
 c - a +0 buckler (worn)
 f - a +0 cloak (worn)
 m - a +0 scale mail (worn)
Jewellery
 l - an amulet of the acrobat (around neck)
 w - a ring of wizardry (left hand)
Wands
 o - a wand of iceblast (11)
 p - a wand of flame (22)
 s - a wand of polymorph (11)
Scrolls
 d - a scroll of holy word
 e - a scroll of immolation {unknown}
 h - a scroll of teleportation {unknown}
 j - a scroll of fog {unknown}
 q - 2 scrolls of fear
 t - a scroll of summoning {unknown}
 u - a scroll of brand weapon {unknown}
 x - a scroll of identify
Potions
 g - 2 potions of flight
 n - 2 potions of brilliance
 r - a potion of curing {unknown}
 v - a potion of ambrosia {unknown}


   Skills:
 - Level 3.3 Fighting
 + Level 7.9 Polearms
 - Level 3.3 Armour
 - Level 3.6 Shields


You had 4 spell levels left.
You knew the following spells:

 Your Spells              Type           Power      Damage    Failure   Level
a - Call Imp              Summ           0%         N/A       65%         2

Your spell library contained the following spells:

 Spells                   Type           Power      Damage    Failure   Level
 Magic Dart               Conj           0%         1d3       50%         1
 Gell's Gravitas          Tloc           0%         N/A       86%         3
 Lesser Beckoning         Tloc           0%         N/A       86%         3
 Mephitic Cloud           Conj/Pois/Air  0%         N/A       86%         3
 Teleport Other           Tloc           0%         N/A       86%         3


Dungeon Overview and Level Annotations

Branches:
Dungeon (6/15)
 Temple: D:4-7

Altars:
Dithmenos
Fedhas
Nemelex Xobeh
Okawaru


Innate Abilities, Weirdness & Mutations

You cannot be hasted, slowed, berserked, paralysed or teleported.
You can dig through walls and to a lower floor.
You have a pair of large antennae on your head. (SInv)
Your four strong arms can wield two-handed weapons with a shield.


Message History

Press: ? - help, Dir - move target, f - you That would be overly suicidal.
Okay, then.
You start resting.
You retract your mandibles.
Things that are here:
a +0 whip; a hound corpse
Things that are here:
a +0 quarterstaff; a +0 trident; a +0 robe
o - a wand of iceblast (11);
q - 2 scrolls of fear (gained 1)
You see here a +0 falchion.
You start waiting.
Done waiting.
Found a robe.
You see here a +0 robe.
A centaur comes into view.
The centaur shouts!
You hear a roar!
The centaur wields a +0 shortbow.
The centaur shoots an arrow.
The arrow completely misses you.
The centaur shoots an arrow.
The arrow hits you!
An acid dragon comes into view.
The centaur shoots an arrow.
The arrow closely misses you.
The centaur shoots an arrow.
You block the arrow.
You reach to attack!
You barely miss the acid dragon.
The centaur shoots an arrow.
The arrow hits you. The acid dragon spits acid at you.
The splash of acid hits you!!
* * * LOW HITPOINT WARNING * * *
The acid corrodes you!
The centaur shoots an arrow.
The arrow barely misses you.
You feel protected.
The centaur shoots an arrow.
The arrow hits you!
* * * LOW HITPOINT WARNING * * *
Unknown command.
Okay, then.
Aiming: Polymorph
Press: ? - help, Shift-Dir - straight line, f - centaur, p - acid dragon
Aim: a centaur, wielding a +0 shortbow and quivering arrows (will become a killer bee, an iguana, or a wolf, chance to affect: 49%)
The centaur resists with some effort.
The acid dragon bites you!
You die...

#. #. #.. ..##
#.. # ...#.
#..### #....
#..>.. #.....
#....
#.....########
#...
#.....D......##
##..
.....c.@...[..#
#..
..####....#...##
#.) ########..##
#.# ###.## #)#
##.## #)#
##.####)#
#......#
##.....# ##...##


You could see an acid dragon (catching breath) and a centaur.

Vanquished Creatures
  A necrophage (D:5)
  An orc priest (D:5)
  A hound (D:5)
  A centaur skeleton (D:4)
  4 iguanas
  5 orc wizards
  Robin (D:2)
  4 adders
  An ufetubus (D:4)
  2 adder skeletons
  2 worms (D:4)
  2 dart slugs
  15 orcs
  8 ball pythons
  5 endoplasms
  2 giant cockroaches (D:2)
  11 hobgoblins
  17 jackals
  6 quokkas
  4 bats
  3 frilled lizards
  12 goblins
  4 kobolds
  5 rats
117 creatures vanquished.

Vanquished Creatures (others)
  An orc (D:5)
  A plant (D:1)
2 creatures vanquished.

Grand Total: 119 creatures vanquished

Notes
Turn   | Place    | Note
-------+----------+-------------------------------------------
     0 | D:1      | RighteousDevil the Formicid Fighter began the quest for the
                  | Orb.
     0 | D:1      | Reached XP level 1. HP: 18/18 MP: 1/1
   180 | D:1      | Reached XP level 2. HP: 24/24 MP: 2/2
   448 | D:1      | Reached skill level 3 in Polearms
   552 | D:1      | Reached XP level 3. HP: 27/29 MP: 3/3
  1103 | D:2      | Found a faded altar of an unknown god.
  1104 | D:2      | Noticed Robin
  1128 | D:2      | Killed Robin
  1130 | D:2      | Reached XP level 4. HP: 17/35 MP: 4/4
  1637 | D:2      | Reached skill level 4 in Polearms
  1876 | D:3      | Reached XP level 5. HP: 25/41 MP: 5/5
  2114 | D:3      | Reached skill level 5 in Polearms
  2465 | D:3      | You fall into a shaft and drop 3 floors!
  2470 | D:5      | Entered Level 5 of the Dungeon
  2481 | D:5      | Noticed a necrophage
  2628 | D:4      | Reached XP level 6. HP: 47/47 MP: 6/6
  2691 | D:4      | Reached skill level 6 in Polearms
  3241 | D:4      | Found an iron altar of Okawaru.
  3398 | D:4      | Found a blossoming altar of Fedhas.
  3399 | D:4      | Found a shadowy altar of Dithmenos.
  3421 | D:4      | Reached XP level 7. HP: 43/52 MP: 7/7
  3820 | D:5      | Reached skill level 7 in Polearms
  3853 | D:5      | Found a sparkling altar of Nemelex Xobeh.
  4414 | D:5      | Learned a level 2 spell: Call Imp
  4665 | D:5      | Noticed an acid dragon
  4669 | D:5      | Slain by an acid dragon

Illustrated notes

Levels and vault maps discovered:
D:1:      dpeg_arrival_pond, layout_basic, serial_bayou_lagoon_a,
          kennysheep_minor_cross, nicolae_figureground_sparkle
D:2:      layout_basic, hellmonk_ecumenical_altar_heavens_door, uniq_robin
D:3:      layout_loops_cross, grunt_ministairs_15
D:4:      layout_loops_ring, jmf_multi_god_temple, okawaru_trees_2,
          minmay_misc_feat_enclosed
D:5:      layout_layer_cave, nemelex_diamond_rough_becter
D:6:      layout_basic

Skill      XL: |  1  2  3  4  5  6  7 |
---------------+----------------------+-----
Polearms       | 3 4 5 6 7 |  7.9
Fighting       | |  3.3
Armour         | |  3.3
Shields        | |  3.6

Action                   |  1- 3 |  4- 6 |  7- 9 || total
-------------------------+-------+-------+-------++-------
Melee: Trident           |    95 |   106 |    15 ||   216
       War axe           |       |    77 |    25 ||   102
 Abil: Dig               |       |     1 |     1 ||     2
Evoke: Wand              |       |       |     1 ||     1
  Use: Scroll            |     2 |     3 |     3 ||     8
       Potion            |     1 |     1 |     1 ||     3
Armor: Scale mail        |    32 |    80 |    13 ||   125
Dodge: Dodged            |    28 |    83 |    17 ||   128
Block: Buckler           |    16 |    36 |     6 ||    58
